 Dungeon Crawl Stone Soup version 0.31.0-9-g3a7656b989 (webtiles) character file.

Game seed: 14042064439906941657

63 qw the Shooter (level 3, -6/18 HPs)
             Began as a Spriggan Hunter on Feb 2, 2024.
             Mangled by Ijyb
             ... wielding a +5 club
              (7 damage)
             ... on level 3 of the Dungeon.
             The game lasted 00:00:04 (1540 turns).

qw the Shooter (Spriggan Hunter)                    Turns: 1540, Time: 00:00:05

Health: -6/18      AC:  2    Str:  7    XL:     3   Next: 89%
Magic:  4/4        EV: 19    Int: 10    God:
Gold:   122        SH:  0    Dex: 20    Spells: 2/2 levels left

rFire   . . .        a - +0 shortbow
rCold   . . .        (shield currently unavailable)
rNeg    . . .        c - +0 robe
rPois   .            (helmet restricted)
rElec   .            (no cloak)
rCorr   .            (gloves unavailable)
SInv    +            (boots unavailable)
Will    .....        (no amulet)
Stlth   ++           (no ring)
HPRegen 0.23/turn    (no ring)
MPRegen 0.09/turn

%: no passive effects
@: very quick
A: very small, no large weapons, unfitting armour, see invisible, speed 3
a: no special abilities


You were on level 3 of the Dungeon.
You visited 1 branch of the dungeon, and saw 3 of its levels.

You collected 122 gold pieces.


Innate Abilities, Weirdness & Mutations

You are very small and have problems with some larger weapons.
You are too small for most types of armour.
You have supernaturally acute eyesight. (SInv)
You cover ground extremely quickly. (Speed+++)


   Skills:
 - Level 1.5 Fighting
 - Level 5.0 Ranged Weapons
 + Level 4.1 Dodging
 - Level 1.5 Stealth


You had 2 spell levels left.
You didn't know any spells.
Your spell library was empty.

Inventory:

Hand Weapons
 a - a +0 shortbow (weapon)
Armour
 c - a +0 robe (worn)
Potions
 e - a potion of curing
 h - a potion of brilliance {unknown}

Dungeon Overview and Level Annotations

Branches:
Dungeon (3/15)

Altars:
Cheibriados

Annotations:
D:3 Ijyb


Message History

You climb downwards.
There is a stone staircase leading up here.
Waypoint 2 assigned to D:3.
A rat comes into view.
Enter note:
Enter note: You shoot an arrow.
The arrow hits the rat.
You kill the rat!
Ijyb the Twisted Goblin comes into view.
She is wielding a +5 club and carrying a wand of mindburst.
Found a fizzy coppery potion and 12 gold pieces.
You shoot an arrow. The arrow hits Ijyb but does no damage.
Ijyb shouts!
You shoot an arrow. The arrow hits Ijyb.
Ijyb is lightly wounded.
You shoot an arrow. The arrow hits Ijyb.
Ijyb is moderately wounded.
You shoot an arrow. The arrow hits Ijyb.
Ijyb is heavily wounded.
A kobold comes into view. It is wielding a +0 short sword.
You shoot an arrow. The kobold shouts!
The arrow hits Ijyb but does no damage.
Ijyb is heavily wounded.
Ijyb zaps a wand.
Your mind is blasted!
You shoot an arrow. The arrow hits Ijyb but does no damage.
Ijyb is heavily wounded.
Ijyb zaps a wand.
Your mind is blasted!
You shoot an arrow. The arrow hits Ijyb.
Ijyb is almost dead.
An orc comes into view. It is wielding a +0 whip.
You shoot an arrow. The arrow barely misses Ijyb.
The arrow barely misses the kobold.
The arrow barely misses the orc.
The orc shouts!
Ijyb zaps a wand.
Your mind is blasted!
Ouch! That really hurt!
You shoot an arrow. The arrow closely misses Ijyb.
The arrow closely misses the kobold.
The arrow hits the orc.
The orc is moderately wounded.
Ijyb hits you with a +5 club!
You die...

.$!.... ....... ..o....
....... .......##
.....K..# ......g.#
#+#+#@# ......#.#.####
#.#.#.#......#
#.#.#.#.#.##.#
#.#.#.#.#.# .#
#.#.#.#.#.##.# ##
#.#.#.#.#....#####
#...###.#.#.#.#........#
#..........#......#.#


You could see Ijyb, an orc and a kobold.

Vanquished Creatures
  2 adders (D:2)
  A ribbon worm (D:2)
  An orc (D:2)
  3 ball pythons
  An endoplasm (D:1)
  A giant cockroach (D:1)
  6 goblins
  4 hobgoblins
  4 jackals (D:2)
  5 kobolds
  A quokka (D:2)
  2 bats (D:2)
  2 frilled lizards (D:1)
  6 rats
39 creatures vanquished.

Notes
Turn   | Place    | Note
-------+----------+-------------------------------------------
     0 | D:1      | qw the Spriggan Hunter began the quest for the Orb.
     0 | D:1      | Reached XP level 1. HP: 10/10 MP: 2/2
     0 | D:1      | 0 ||| qw: Version: 0.3-a-155-g5e7d8dd
     0 | D:1      | 0 ||| qw: Game counter: 474
     0 | D:1      | 0 ||| qw: Melee chars always use a shield: true
     0 | D:1      | 0 ||| qw: God list: Okawaru
     0 | D:1      | 0 ||| qw: Allow faded altars: false
     0 | D:1      | 0 ||| qw: Do Orc after clearing Dungeon:15 true
     0 | D:1      | 0 ||| qw: Do second Lair branch before Depths: true
     0 | D:1      | 0 ||| qw: Lair rune preference: random
     0 | D:1      | 0 ||| qw: Goals: Normal
     0 | D:1      | 0 ||| PLANNING D:1-11
    76 | D:1      | Reached skill level 3 in Dodging
   229 | D:1      | Reached XP level 2. HP: 14/14 MP: 3/3
   611 | D:1      | 611 ||| READING scroll labelled OZOTWA HAASCH.
   612 | D:1      | 612 ||| READING scroll labelled SIMOER ILEKK.
   612 | D:1      | 612 ||| IDENTIFYING silvery potion
   613 | D:1      | 613 ||| DROPPING scroll of butterflies.
   718 | D:2      | Reached XP level 3. HP: 18/18 MP: 4/4
   862 | D:2      | Found a snail-covered altar of Cheibriados.
   960 | D:2      | Reached skill level 5 in Ranged Weapons
  1453 | D:2      | 1453 ||| READING 2 scrolls of identify.
  1453 | D:2      | 1453 ||| IDENTIFYING green potion
  1454 | D:2      | 1454 ||| READING scroll of identify.
  1454 | D:2      | 1454 ||| IDENTIFYING metallic coppery potion
  1455 | D:2      | 1455 ||| DROPPING potion of lignification.
  1456 | D:2      | 1456 ||| DROPPING potion of degeneration.
  1531 | D:3      | Noticed Ijyb
  1539 | D:3      | HP: 1/18 [disintegration (15)]
  1540 | D:3      | Mangled by Ijyb

Levels and vault maps discovered:
D:1:      co_arrival_square_in_a_square_in_a_square, layout_loops_cross,
          kennysheep_minor_cross, st_stairs_10
D:2:      layout_basic, basic_altar
D:3:      layout_basic, uniq_terence, uniq_ijyb

Skill      XL: |  1  2  3 |
---------------+----------+-----
Dodging        | 3 4 |  4.1
Ranged Weapons | 5 |  5.0
Fighting       | |  1.5
Stealth        | |  1.5

Action                     || total
---------------------------++-------
   Fire: Shortbow          ||   109
    Use: Scroll            ||     4
 Armour: Robe              ||     9
  Dodge: Dodged            ||    30

Table legend:
 A = Non-vault XP
 B = Vault XP
 C = Vault XP percentage of total XP
 D = Non-vault monster count
 E = Vault monster count
 F = Vault count percentage of total count
                 A         B        C        D         E       F
            +---------+---------+-------+---------+---------+-------
      Total |      88 |       3 |   3.3 |      37 |       2 |   5.1
            +---------+---------+-------+---------+---------+-------
        D:1 |      19 |       3 |  13.6 |      13 |       2 |  13.3
        D:2 |      68 |       0 |   0.0 |      23 |       0 |   0.0
        D:3 |       1 |       0 |   0.0 |       1 |       0 |   0.0
            +---------+---------+-------+---------+---------+-------
